Cogmind - Beta 13 @@@ ROGUE MODE // 2024.04.10 @ 15:14:19 Player: Zaros426 Result: Destroyed by Y-45 Defender with Heavy Assault Rifle Performance ------------- Evolutions (0) 0 Regions Visited (2) 400 Robots Destroyed (22) 110 Value Destroyed (317) 317 Prototype IDs (0) 0 Alien Tech Used (0) 0 Bonus (0) 0 TOTAL SCORE: 827 Bonus ------- None Cogmind --------- Core Integrity 0/250 Matter 266/300 Energy 250/250 System Corruption 0% Temperature Cool (9) Movement Rolling (140) Ox4 Location -10/Mines Parts ------- > --- POWER (1) -------- Ion Engine > --- PROPULSION (2) --- Wheel Wheel > --- UTILITY (2) ------ Huge Storage Unit Signal Interpreter > --- WEAPON (2) ------- Medium Laser Assault Rifle > --- INVENTORY (25) --- Wheel Wheel Wheel Wheel Heat Sink Medium Battery (150) High-capacity Matter Pod (46) Improved Terrain Scanner Improved Terrain Scanner Peak State ------------ > --- POWER ------------ Ion Engine > --- PROPULSION ------- Improved Hover Unit Improved Hover Unit > --- UTILITY ---------- Small Storage Unit Signal Interpreter > --- WEAPON ----------- Particle Cannon Particle Cannon > --- INVENTORY -------- Wheel Medium Battery Improved Terrain Scanner Improved Terrain Scanner Medium Laser Medium Laser Assault Rifle Assault Rifle [Rating: 12] Favorites ----------- Power Ion Engine Engine Ion Engine Propulsion Wheel Wheel Wheel Hover Unit Improved Hover Unit Utility Signal Interpreter Storage Huge Storage Unit Processor Signal Interpreter Weapon Particle Cannon Energy Gun Medium Laser Energy Cannon Particle Cannon Ballistic Gun Assault Rifle Build | -11 -10 -10 ------- Run | Yrd Mat Min Slots Evolved . | . . . Power . | . . . Propulsion . | . . . Utility . | . . . Weapon . | . . . Parts Attached 30 | 8 14 8 Power 3 | . 2 1 Engine 3 | . 2 1 Core . | . . . Reactor . | . . . Propulsion 17 | 5 7 5 Treads . | . . . Leg . | . . . Wheel 15 | 5 5 5 Hover 2 | . 2 . Flight . | . . . Utility 4 | 1 3 . Device . | . . . Storage 2 | 1 1 . Processor 2 | . 2 . Hackware . | . . . Protection . | . . . Artifact . | . . . Weapon 6 | 2 2 2 Energy Gun 3 | 2 . 1 Energy Cannon 2 | . 2 . Ballistic Gun 1 | . . 1 Ballistic Cannon . | . . . Launcher . | . . . Special Weapon . | . . . Impact Weapon . | . . . Slashing Weapon . | . . . Piercing Weapon . | . . . Special Melee Weapon . | . . . Unidentified Prototypes . | . . . Parts Lost 5 | . . 5 Power 1 | . . 1 Propulsion 2 | . . 2 Utility . | . . . Weapon 2 | . . 2 Highest Loss Streak 5 | . . 5 To Critical Strikes . | . . . Average Slot Usage (%) 96 | . 98 91 Engine 12 | . 12 10 Wheel 27 | . 27 28 Storage 14 | . 14 14 Processor 13 | . 13 14 Energy Gun 3 | . 3 3 Energy Cannon 22 | . 24 16 Naked Turns . | . . . Heaviest Build 93 | 9 93 93 Greatest Support 32 | 32 20 20 Greatest Overweight (x) 9 | . 4 9 Average Overweight (x) 2 | . 2 3 Largest Inventory Capacity 25 | 8 25 25 Average Capacity 21 | 7 21 25 Most Carried 12 | 6 12 12 Average Carried 8 | 2 9 10 Final Capacity 25 | 8 25 25 Final Carried 12 | 4 12 9 Class Distribution -------------------- 71% | Mutant 28% | Scavenger-Mutant Dominant Class ---------------- Mutant | -10/Materials Scavenger-Mutant | -10/Mines Resources | -11 -10 -10 ----------- Run | Yrd Mat Min Matter Collected 499 | 275 145 79 Remotely . | . . . Salvage Created 534 | 158 297 79 Parts 59 | 12 35 12 Haulers Intercepted . | . . . Recyclers Shooed . | . . . Parts Field Recycled . | . . . Retrieved Matter . | . . . Parts Self-Destructed . | . . . Prevented . | . . . Kills | -11 -10 -10 ------- Run | Yrd Mat Min Combat Hostiles Destroyed 12 | . 9 3 Guns 3 | . 3 . Cannons 9 | . 6 3 Classes Destroyed 6 | 2 4 . Builder 3 | . 1 2 Tunneler 4 | 3 1 . Recycler 1 | 1 . . Watcher 2 | . 2 . Swarmer 8 | . 5 3 Grunt 4 | . 4 . Best Kill Streak 4 | 3 4 3 Combat Bots Only 3 | . 3 3 Max Kills in Single Turn 1 | 1 1 1 Gunslinging . | . . . Exploded . | . . . Melee . | . . . Uniques/NPCs Destroyed . | . . . Combat | -11 -10 -10 -------- Run | Yrd Mat Min Hostile Shots Fired 87 | . 27 60 Missed 23 | . 10 13 Damage Taken 825 | . 178 647 Core 253 | . 59 194 Absorbed by Shields . | . . . Core Remaining (%) 100 | 100 . . Volleys Fired 39 | 4 27 8 Largest 2 | 2 2 2 Hottest 136 | 100 136 136 Shots Fired 73 | 8 50 15 Gun 30 | 8 14 8 Cannon 43 | . 36 7 Launcher . | . . . Special . | . . . Kinetic 4 | . . 4 Thermal 69 | 8 50 11 Explosive . | . . . Electromagnetic . | . . . Robot Hit Streak 7 | 5 7 3 Robot Miss Streak 4 | 1 4 1 Penetration Max . | . . . Secondary Targets . | . . . Shots Hit Robots 33 | 6 21 6 Core Hits 23 | 5 13 5 Critical Kills . | . . . Critical Parts Destroyed . | . . . Critical Strikes . | . . . Melee Attacks . | . . . Impact . | . . . Slashing . | . . . Piercing . | . . . Sneak Attacks . | . . . Combat Hostiles . | . . . Follow-up Attacks . | . . . Damage Inflicted 701 | 75 501 125 Guns 172 | 75 73 24 Cannons 428 | . 327 101 Explosions 101 | . 101 . Melee . | . . . Ramming . | . . . Kinetic 24 | . . 24 Thermal 576 | 75 400 101 Explosive 101 | . 101 . Electromagnetic . | . . . Impact . | . . . Slashing . | . . . Piercing . | . . . Highest Corruption . | . . . Average Corruption . | . . . Corruption Purged . | . . . Corruption Blocked . | . . . Overload Shots . | . . . Overflow Damage . | . . . Projectiles . | . . . Explosions . | . . . Melee . | . . . Knockbacks . | . . . Impact . | . . . Kinetic . | . . . Secondary . | . . . Self-Inflicted Damage 37 | . 37 . Shots 1 | . 1 . Rammed . | . . . Targets Rammed . | . . . Kicked . | . . . Crushed . | . . . Highest Temperature 333 | 24 333 233 Average Temperature 92 | 16 101 78 Received Heat Transfer 222 | . 24 198 Siege Activations . | . . . Robots Corrupted . | . . . Combat Hostiles . | . . . Parts Fried . | . . . Impact Corruptions . | . . . Robots Melted . | . . . Combat Hostiles . | . . . Parts Melted 1 | 1 . . Heat Transferred 1221 | 222 814 185 Parts Sabotaged . | . . . Parts Stolen . | . . . Parts Stripped . | . . . Power Chain Reactions . | . . . Alert | -11 -10 -10 ------- Run | Yrd Mat Min Peak Influence 232 | 20 232 175 Initial 90 | . 13 90 Average 120 | 8 127 144 Maximum Alert Level 1 | . 1 . Low Security (%) 84 | 100 78 100 Level 1 15 | . 21 . Level 2 . | . . . Level 3 . | . . . Level 4 . | . . . Level 5 . | . . . High Security . | . . . Max Security . | . . . Squads Dispatched 1 | . 1 . Investigation 1 | . 1 . Extermination . | . . . Reinforcement . | . . . Assault . | . . . Garrison . | . . . Intercept . | . . . Searches Triggered . | . . . Construction Impeded . | . . . Haulers Reinforced . | . . . Active Scanning Responses . | . . . Cargo Convoy Interrupts . | . . . Stealth | -11 -10 -10 --------- Run | Yrd Mat Min Distress Signals . | . . . Communications Jammed . | . . . Distress Signals . | . . . Times Spotted 20 | . 15 5 Peak Tracking Total 3 | . 3 3 Tactical Retreats 3 | . 3 . Traps | -11 -10 -10 ------- Run | Yrd Mat Min Traps Triggered . | . . . Indirectly . | . . . Trap Hack Attempts . | . . . Triggered . | . . . Disarmed . | . . . Reprogrammed . | . . . Reused . | . . . Traps Extracted . | . . . Installed . | . . . Triggered . | . . . Machines | -11 -10 -10 ---------- Run | Yrd Mat Min Machines Disabled 2 | . 2 . Max in Single Turn 1 | . 1 . Machines Repaired . | . . . Machines Dismantled . | . . . Machines Sabotaged . | . . . Overloaded Fab Kills . | . . . Hacking | -11 -10 -10 --------- Run | Yrd Mat Min Machines Accessed 3 | . 3 . Terminals 2 | . 2 . Fabricators . | . . . Repair Stations . | . . . Recycling Units 1 | . 1 . Scanalyzers . | . . . Garrison Access . | . . . Total Hacks 10 | . 10 . Successful 5 | . 5 . Failed 5 | . 5 . Catastrophic 2 | . 2 . Database Lockouts . | . . . Manual . | . . . Terminals 8 | . 8 . Fabricators . | . . . Repair Stations . | . . . Recycling Units 2 | . 2 . Scanalyzers . | . . . Garrison Access . | . . . Terminal Hacks 3 | . 3 . Record 2 | . 2 . Alert Level 1 | . 1 . Fabricator Hacks . | . . . Repair Station Hacks . | . . . Recycling Unit Hacks 2 | . 2 . Report Inventory 1 | . 1 . Retrieve Components 1 | . 1 . Scanalyzer . | . . . Garrison Access Hacks . | . . . Unauthorized Hacks . | . . . Terminals . | . . . Fabricators . | . . . Repair Stations . | . . . Recycling Units . | . . . Scanalyzers . | . . . Garrison Access . | . . . Data Cores Recovered . | . . . Used . | . . . Hacking Detections 2 | . 2 . Full Trace Events 2 | . 2 . Feedback Events . | . . . Feedback Blocked . | . . . Robot Schematics Acquired . | . . . Robots Built . | . . . Authchips . | . . . Time . | . . . Total Robot Build Rating . | . . . Part Schematics Acquired . | . . . Parts Built . | . . . Authchips . | . . . Time . | . . . Total Part Build Rating . | . . . Parts Repaired . | . . . Time . | . . . Parts Recycled . | . . . Recycled Matter . | . . . Retrieved Matter . | . . . Retrieved Components 3 | . 3 . Parts Scanalyzed . | . . . Part Schematics Acquired . | . . . Parts Damaged . | . . . Bothacking | -11 -10 -10 ------------ Run | Yrd Mat Min Used RIF Installer . | . . . Robots Hacked . | . . . Non-combat . | . . . Combat . | . . . Robot Hacks Applied . | . . . Relay Couplers Released . | . . . Fabnet Peak Effective % . | . . . Robots Rewired . | . . . Allies Hacked . | . . . Hacks Repelled . | . . . Allies | -11 -10 -10 -------- Run | Yrd Mat Min Total Allies . | . . . Largest Group . | . . . Highest-Rated Group . | . . . Highest-Rated Ally . | . . . Total Orders . | . . . Ally Attacks . | . . . Total Damage . | . . . Kills . | . . . Allies Corrupted . | . . . Allies Melted . | . . . Intel | -11 -10 -10 ------- Run | Yrd Mat Min Robot Analysis Total . | . . . Derelict Logs Recovered . | . . . Drone Launches . | . . . Drone Recoveries . | . . . Exploration | -11 -10 -10 ------------- Run | Yrd Mat Min Turns Passed 1035 | 93 740 202 Spaces Moved 636 | 64 450 122 Core 1 | 1 . . Treads . | . . . Legs . | . . . Wheels 634 | 63 449 122 Hover 1 | . 1 . Flight . | . . . Fastest Speed 50 | 50 80 125 Average Speed 124 | 96 125 138 Slowest Speed 215 | 100 185 215 Overloaded Moves . | . . . Propulsion Burnouts . | . . . Robots Hopped . | . . . Cave-ins Triggered . | . . . Exploration Rate (%) 30 | 5 55 32 Regions Visited 2 Branch Regions 1 Pre-discovered Areas . | . . . Known Exits Taken 1 | . 1 . Unknown Exits Taken 1 | 1 . . Scrap Searched . | . . . Spaces Dug . | . . . Terrain Destroyed 20 | . 20 . Melee . | . . . Projectile . | . . . AOE 20 | . 20 . Terrain Rammed . | . . . Walls Destroyed . | . . . Machines Disabled . | . . . Actions | -11 -10 -10 --------- Run | Yrd Mat Min Total 798 | 83 576 139 Wait 65 | . 64 1 Move 634 | 63 449 122 Hop . | . . . Pick Up 20 | 6 14 . Fast Attach 6 | 5 1 . Attach 7 | . 2 5 Detach . | . . . Swap 17 | 3 11 3 Drop 10 | 2 8 . Fire 39 | 4 27 8 Melee . | . . . Ram . | . . . Kick . | . . . Crush . | . . . Escape Stasis . | . . . Rewire . | . . . Trap . | . . . Miscellaneous . | . . . Route ------- -11/Scrapyard -10/Materials (discovered 2 exits: *Mat / *Min) -10/Mines History --------- Turn | Location | Event 27 | -11/Scrapyard | Discovered new exit (range 15) 94 | -11/Scrapyard | Entered Materials 316 | -10/Materials | Build established: Mutant 702 | -10/Materials | Discovered new exit (range 3) 703 | -10/Materials | Identified exit to Materials 739 | -10/Materials | Discovered new exit (range 5) 743 | -10/Materials | Identified exit to Mines 834 | -10/Materials | Entered Mines 939 | -10/Mines | Core integrity fell below 50% 962 | -10/Mines | Core integrity fell below 20% 989 | -10/Mines | Lost 5 parts (1p2n2w) 1036 | -10/Mines | Destroyed by Y-45 Defender with Heavy Assault Rifle Last Messages --------------- LOCATION=MINES GOAL=ESCAPE Something is scanning the area. 00841_ S-10 Pest destroyed. 00841_ Destroyed Flight Unit. 00844_ S-10 Pest destroyed. 00852_ Acquired 10 matter. 00855_ Acquired 12 matter. 00858_ Acquired 14 matter. 00932_ Wheel destroyed. 00941_ Particle Cannon destroyed. 00941_ Ion Engine destroyed. 00950_ Critical hit (Burn: +37). 00958_ Particle Cannon destroyed. 00964_ K-01 Serf collects debris. 00991_ U-05 Engineer destroyed. 00994_ Acquired 18 matter. 01000_ U-05 Engineer destroyed. 01001_ K-01 Serf destroyed. 01009_ Acquired 25 matter. Map ----- +----------------------------------------------------+ | ??????????????????????????????????????????? | | ?????????????????????????????????????????? | | ???????????##????????????????????????????? | | #?????????? #????????????????????????????? | | #????????? #????????????????????????????? | | ???????## #????????????????????????????? | | #??????# ????????????????????????????? | | #####?# ????????????????????????????? | | ### #????????????????????????????? | | #???????????####?????????????? | | ## #??????????# ##????????????? | | # ## #??????#### #????????????? | | ?# ## #?????## #????????????? | | ## ####### """ #?????????????? | | # # *%=!= | """ #??????????????? | | #### ######## """ #??????????????? | | # # #??# #??????## #??????????????? | | ##?# #??# #???????## ##?????????????? | | ???# #??# #????????### Y ###### #??????? | | ???# #??# #??????????#Y $#??????? | | ???# #??# #????????### #??????? | | ???# #??# #???????## ########??????? | | #### #??# #???????# ##?????????????? | | #??# #???????# ## #??????????????? | | #??#=#???????# ### ##?????????????? | | # ######## ###?????###?# @ #?????????????? | | [=**=#?????????## #?????????????? | | """ """ = #??????????## #?????????????? | | """ """ #???????????? #?????????????? | | """ """ #???????????? #?????????????? | | #???????????? ?????????????? | | """ """ """ #?????????????###????????????? | | """ """ """ #????????????????????????????? | | """ """ """ #????????????????????????????? | | #????????????????????????????? | | #????????????????????????????? | | ##############????????????????????????????? | | ??????????????????????????????????????????? | | | | | | | | | | | | | | | | | | | | | | | | | +----------------------------------------------------+ Best States ------------- Heat Dissipation 25 Energy Generation 10 Energy Capacity 250 Matter Stores 300 Matter Capacity 300 Sight Range 16 Terrain Scan Density 10 Evasion (%) 44 Item Schematics ----------------- None Robot Schematics ------------------ None Fabricated ------------ Nothing Alien Tech Used ----------------- None Achievements -------------- None Challenges ------------ None Game ------ Seed TachyonPointGun Manual? 0 Play Time 00:13:01 Cumulative 31.5 hours Start 2024.04.10 @ 15:03:16 End 2024.04.10 @ 15:14:19 Sessions 1 Manual Loads 0 Difficulty Rogue Special Mode None Game No. 32 Rogue 32 Adventurer 0 Explorer 0 Win Type - Total 0 Types 0/0/0/0/0/0/0/0/0 Lore% 23 Gallery% 31 Achievement% 23 Wizard Run 0 Options --------- Layout 0 ASCII 0 Keyboard 0 Movement Mouse Keybinds 0 Fullscreen 1 Font 24/Smallcaps Map View 183x50 Zoom Use 0% Tactical HUD 1 Map Filters NONE Filters NONE Steam 0 RUN: 16ce7815-0e1c-4716-b81b-5c055cad0b0b